 Dungeon Sprint DCSS version 0.17-a0-1804-gf6433eb (webtiles) character file.

269632 nuthulu the Invulnerable (level 18, -23/145 HPs)
             Began as a Gargoyle Berserker on Sept 11, 2015.
             Was the Champion of Trog.
             Splashed with acid (29 damage)
             ... in the Dungeon (Sprint III: "The Ten Rune Challenge").
             The game lasted 01:02:49 (16269 turns).

nuthulu the Invulnerable (Gargoyle Berserker)      Turns: 16269, Time: 01:02:49

Health: -23/145    AC: 51    Str: 23    XL:     18   Next: 41%
Magic:  18/18      EV: 34    Int: 10    God:    Trog [******]
Gold:   1169       SH: 28    Dex: 25    Spells: 0 memorised, 17 levels left

rFire  + . .     SeeInvis .     U - +4 eveningstar (protect)
rCold  + . .     Clarity  .     W - +1 plate armour {rN+}
rNeg   + + +     SustAt   +     R - +2 large shield {reflect}
rPois  ∞         Gourm    .     B - +2 hat {MR+}
rElec  +         Spirit   .     c - +1 cloak {+Inv}
rCorr  .         Warding  .     M - +2 pair of fencer's gloves {LBl+4 SBl+4 EV+3 Dex+6}
rMut   +         NoTele   +     I - +2 pair of boots {run}
MR     ++...                    X - amulet of resist mutation
Stlth  ..........               Z - ring "Hoequ" {*Corrode +Fly rN+ Str+2 Dex+4}
                                e - ring of Ediurib {SustAt rF+ rC+}

@: corroded equipment, flying, studying Polearms, quick, very resistant to
hostile enchantments, extremely unstealthy
A: big wings, repulsion field 1, negative energy resistance 1, electricity
resistance, unbreathing, petrification resistance, rot immunity, AC +13
a: Stop Flying, Burn Spellbooks, Berserk, Trog's Hand, Brothers in Arms,
Renounce Religion, Evoke Invisibility
}: 5/10 runes: serpentine, barnacled, silver, golden, demonic


You were in the Dungeon.
You worshipped Trog.
Trog was exalted by your worship.
You were not hungry.

You visited 1 branch You collected 3565 gold pieces.
You spent 2396 gold pieces at shops.

Inventory:

Hand weapons
 l - a +1 flail of holy wrath
 n - a +4 great mace of draining
 s - a +1 antimagic morningstar
 u - a +5 antimagic dire flail
 v - the +2 blowgun of Tenacity {speed, +Inv rPois MP-9 Dex-4}
   (You found it in the Dungeon)

   Attacks with this weapon are significantly faster.
   It affects your dexterity (-4).
   It protects you from poison.
   It affects your magic capacity (-9).
   It lets you turn invisible.
 x - a +3 demon whip of freezing
 A - a +3 antimagic great mace
 E - the +4 dire flail of Vatak {pain, rElec MP+9 Str-4 Int+2}
   (You bought it in a shop in the Dungeon)

   In the hands of one skilled in necromantic magic, it inflicts extra damage on
   living creatures.
   It affects your strength (-4).
   It affects your intelligence (+2).
   It insulates you from electricity.
   It affects your magic capacity (+9).
 U - a +4 eveningstar of protection (weapon)
Missiles
 y - 7 curare-tipped needles
 N - 8 throwing nets (quivered)
Armour
 c - a +1 cloak of invisibility (worn)
 B - a +2 hat of magic resistance (worn)
 D - the +0 large shield "Xolutec" {-Tele rF+++ Int+4}
   (You bought it in a shop in the Dungeon)

   It affects your intelligence (+4).
   It renders you almost immune to fire.
   It prevents most forms of teleportation.
 I - a +2 pair of boots of running (worn)
 M - the +2 pair of fencer's gloves (worn) {LBl+4 SBl+4 EV+3 Dex+6}
   (You acquired it in the Dungeon)

   It affects your evasion (+3).
   It affects your dexterity (+6).
 R - a +2 large shield of reflection (worn)
 W - a +1 plate armour of positive energy (worn)
Jewellery
 e - the ring of Ediurib (left hand) {SustAt rF+ rC+}
   (You bought it in a shop in the Dungeon)

   [ring of sustain attributes]

   It sustains your strength, intelligence and dexterity.
   It protects you from fire.
   It protects you from cold.
 J - an uncursed ring of magical power
 O - a +2 ring of strength
 P - an uncursed amulet of guardian spirit
 Q - an uncursed amulet of resist corrosion
 S - an uncursed ring of protection from fire
 X - an amulet of resist mutation (around neck)
 Z - the ring "Hoequ" (right hand) {*Corrode +Fly rN+ Str+2 Dex+4}
   (You took it off a deep elf high priest in the Dungeon)

   [ring of positive energy]

   It affects your strength (+2).
   It affects your dexterity (+4).
   It protects you from negative energy.
   It lets you fly.
   It may corrode your equipment when you take damage.
Magical devices
 a - a wand of hasting (4)
 k - a wand of flame (24)
 z - a wand of magic darts (4)
 T - a wand of heal wounds (3)
 V - a wand of disintegration (13)
 Y - a wand of digging (8)
Scrolls
 i - 2 scrolls of blinking
 m - a scroll of immolation
 o - 3 scrolls of remove curse
 w - 2 scrolls of silence
 F - a scroll of fear
 H - 4 scrolls of amnesia
 L - 2 scrolls of identify
Potions
 d - 7 potions of curing
 f - 2 potions of haste
 g - 3 potions of magic
 h - a potion of berserk rage
 q - 7 potions of flight
 r - 2 potions of cure mutation
 G - 3 potions of heal wounds
 K - a potion of ambrosia
Books
 b - a manual of Polearms
Comestibles
 j - a meat ration
 p - 25 royal jellies
 t - 10 fruits
 C - 2 bread rations


   Skills:
 O Level 27 Fighting
 - Level 22.2 Maces & Flails
 O Level 27 Armour
 - Level 25.1 Dodging
 + Level 24.0 Shields


You had 17 spell levels left.
You didn't know any spells.

Dungeon Overview and Level Annotations

Branches:
Dungeon (1/1)

Altars:
Cheibriados
Dithmenos
Elyvilon
Fedhas
Gozag
Kikubaaqudgha
Makhleb
Nemelex Xobeh
Okawaru
Qazlal
Ru
Sif Muna
Trog
Vehumet
Xom
Yredelemnul
Zin
The Shining One
Jiyva
Lugonu

Shops:
D %:([?==[%[}}!(?(:!}=[:%%


Innate Abilities, Weirdness & Mutations

You are resistant to torment.
Your stone body is resilient (AC +13).
You are immune to poison.
Your large and strong wings let you fly indefinitely.
You resist negative energy.
You are resistant to electric shocks.
You can survive without breathing.
You are immune to petrification.
You are immune to rotting.
You are surrounded by a mild repulsion field (EV +2).


Message History

An acid blob, a giant eyeball and 2 shining eyes come into view.
The acid blob quivers.
The shining eye turns its gaze towards you. x2
The walls burn you! The acid blob spits acid at you.
The splash of acid hits you!
The acid burns!
* * * LOW HITPOINT WARNING * * *
Drink which item? (? for menu, Esc to quit)
Okay, then.
The walls burn you!
* * * LOW HITPOINT WARNING * * *
Zapping:
T - a wand of heal wounds (4)
Press: ? - help, Shift-Dir - straight line, f - you You feel much better.
This wand has 3 charges left.
The walls burn you!
* * * LOW HITPOINT WARNING * * *
The acid blob spits acid at you. The splash of acid hits you!
The acid corrodes you!
The acid burns!
* * * LOW HITPOINT WARNING * * *
The walls burn you!
You die...

▓##'####'#######♣
▓......)........♣♣
▓#'#############'♣
▓...#≈P...[...)..♣
▓...'≈≈...########♣
▓...#≈≈≈.......((PP
▓.).#≈≈≈≈P.....((.P
#.#############)###
##@###### ▓((≈≈
##.#...### ▓≈≈≈≈
##.....J.## ▓≈≈≈(
*#.........#* ▓≈≈..
#....###..G.* ▓≈≈≈.
#...##(##...* ▓≈≈≈≈
##..#)φ}#G.#* ▓≈≈≈≈
*...##"##G..* ▓..≈≈
#....###....* ▓...≈


You could see 2 shining eyes.

Vanquished Creatures
  Mara (D)
  Mennas (D)
  2 greater mummies (D)
  Boris (D)
  Sigmund (D)
  2 golden dragons (D)
  Nikola (D)
  6 bone dragons (D)
  Nellie (D)
  A lich (D)
  A titan (D)
  An acid blob (D)
  2 deep elf blademasters (D)
  2 sphinxes (D)
  Polyphemus (D)
  Gastronok (D)
  Chuck (D)
  An Executioner (D)
  3 shadow dragons (D)
  A storm dragon (D)
  Roxanne (D)
  A fire giant (D)
  Ilsuiw (D)
  4 azure jellies (D)
  Maud (D)
  2 draconian knights (D)
  2 frost giants (D)
  A stone giant (D)
  A deep elf demonologist (D)
  4 vampire knights (D)
  Azrael (D)
  3 deep elf annihilators (D)
  2 dire elephants (D)
  A yellow draconian (D)
  A blizzard demon (D)
  A merfolk javelineer (D)
  8 mummy priests (D)
  18 vault guards (D)
  A fire dragon (D)
  Josephine (D)
  A yaktaur captain (D)
  A great orb of eyes (shapeshifter) (D)
  2 deep elf high priests (D)
  A naga warrior (D)
  2 hell beasts (D)
  2 centaur warriors (D)
  4 death yaks (D)
  2 hydras (D)
  An ogre mage (D)
  8 anacondas (D)
  4 dancing weapons (D)
  3 titan zombies (D)
  2 soul eaters (D)
  2 sun demons (D)
  A sea snake (D)
  A shadow wraith (D)
  A small abomination (D)
  5 skeletal warriors (D)
  A fire crab (shapeshifter) (D)
  2 ice devils (D)
  An anaconda zombie (D)
  A golden dragon zombie (D)
  A spriggan druid (D)
  A giant orange brain (D)
  An unseen horror (D)
  A death drake (D)
  A deep elf knight (D)
  A deep elf summoner (D)
  An obsidian statue (D)
  7 ugly things (D)
  3 deep elf conjurers (D)
  A lindwurm (D)
  3 shining eyes (D)
  2 oklob plants (D)
  4 crystal guardians (D)
  A hornet (shapeshifter) (D)
  A hornet (D)
  A shining eye (shapeshifter) (D)
  An elephant (shapeshifter) (D)
  An iron troll simulacrum (D)
  A stone giant skeleton (D)
  2 elephants (D)
  A guardian serpent (D)
  7 statues (D)
  A molten gargoyle (D)
  Edmund (D)
  An orange crystal statue (D)
  4 black mambas (D)
  A fire drake (D)
  19 guardian mummies (D)
  3 yaktaurs (D)
  2 deep elf priests (D)
  3 wandering mushrooms (D)
  4 spriggan defenders (D)
  7 slime creatures (D)
  A queen bee (D)
  8 blink frogs (D)
  3 redbacks (D)
  A shadow (D)
  2 spriggans (D)
  A golden eye (D)
  A hydra simulacrum (D)
  A spatial vortex (D)
  3 orc warriors (D)
  2 black mamba simulacra (D)
  A swamp drake (D)
  A wasp (D)
  2 fire dragon simulacra (D)
  A necrophage (D)
  An earth elemental (D)
  2 brain worms (D)
  A water elemental (D)
  32 killer bees (D)
  A wizard (D)
  4 electric eels (D)
  A jelly (D)
  Crazy Yiuf (D)
  2 orc priests (D)
  5 orc wizards (D)
  4 necromancers (D)
  3 humans (D)
  A kobold demonologist (D)
  3 sheep (D)
  6 adders (D)
  3 giant eyeballs (D)
  2 oozes (D)
  An adder simulacrum (D)
  8 orcs (D)
  2 rats (D)
  3 ballistomycetes (D)
  3 butterflies (D)
  A plant (D)
341 creatures vanquished.

Vanquished Creatures (collateral kills)
  Norris (D)
  Rupert (D)
  A greater naga (D)
  A dire elephant (shapeshifter) (D)
  2 anacondas (D)
  A centaur warrior (D)
  A komodo dragon (D)
  2 spiny frogs (D)
  2 orc high priests (D)
  2 nagas (D)
  A water moccasin (D)
  2 centaurs (D)
17 creatures vanquished.

Vanquished Creatures (others)
  2 draconian scorchers (D)
  Nessos (D)
  A yaktaur captain (D)
  4 ball lightnings (D)
  A statue (D)
  3 yaktaurs (D)
  3 guardian mummies (D)
  2 orc high priests (D)
  A wasp (D)
  6 ballistomycetes (D)
  3 bushes (D)
  5 giant spores (D)
  43 plants (D)
75 creatures vanquished.

Grand Total: 433 creatures vanquished

Notes
Turn   | Place    | Note
--------------------------------------------------------------
     0 | D        | nuthulu the Gargoyle Berserker began the quest for the Orb.
     0 | D        | Reached XP level 1. HP: 14/14 MP: 1/1
    48 | D        | Killed a yaktaur
   106 | D        | Killed a yaktaur
   158 | D        | Reached skill level 4 in Fighting
   158 | D        | Reached XP level 2. HP: 12/20 MP: 2/2
   158 | D        | Killed a yaktaur
   219 | D        | Killed a white draconian scorcher
   292 | D        | Killed a white draconian scorcher
   295 | D        | Acquired Trog's second power
   379 | D        | Reached XP level 3. HP: 20/24 MP: 3/3
   411 | D        | Noticed Crazy Yiuf
   425 | D        | Killed Crazy Yiuf
   425 | D        | Reached skill level 5 in Fighting
   425 | D        | Reached XP level 4. HP: 8/31 MP: 4/4
   678 | D        | Gained mutation: You are somewhat resistant to further mutation. [potion of mutation]
   679 | D        | Gained mutation: You are surrounded by a mild repulsion field (EV +2). [potion of mutation]
   685 | D        | Noticed a water elemental
   690 | D        | Killed a water elemental
   690 | D        | Reached skill level 6 in Fighting
   690 | D        | Reached skill level 5 in Maces & Flails
   690 | D        | Reached skill level 5 in Armour
   690 | D        | Reached XP level 5. HP: 34/36 MP: 5/5
   785 | D        | Found a glowing silver altar of Zin.
   786 | D        | Found a glowing golden altar of the Shining One.
   786 | D        | Found a white marble altar of Elyvilon.
   786 | D        | Noticed a deep elf priest
   796 | D        | Killed a deep elf priest
   796 | D        | Reached skill level 8 in Fighting
   796 | D        | Reached skill level 5 in Dodging
   796 | D        | Reached XP level 6. HP: 23/44 MP: 6/6
   967 | D        | Found a radiant altar of Vehumet.
   967 | D        | Found a deep blue altar of Sif Muna.
   967 | D        | Found an ancient bone altar of Kikubaaqudgha.
   967 | D        | Noticed a wizard
   971 | D        | Noticed a hellwing
   985 | D        | Killed a wizard
   985 | D        | Acquired Trog's third power
  1048 | D        | Found a basalt altar of Yredelemnul.
  1048 | D        | Found a snail-covered altar of Cheibriados.
  1048 | D        | Found a blossoming altar of Fedhas.
  1048 | D        | Noticed a necrophage
  1048 | D        | Noticed a necromancer
  1051 | D        | Killed a necromancer
  1066 | D        | Killed a necrophage
  1066 | D        | Reached XP level 7. HP: 25/50 MP: 7/7
  1222 | D        | Found an iron altar of Okawaru.
  1222 | D        | Found a bloodstained altar of Trog.
  1222 | D        | Noticed a human
  1223 | D        | Noticed a human
  1229 | D        | Killed a human
  1229 | D        | Reached skill level 9 in Fighting
  1234 | D        | Killed a human
  1266 | D        | Noticed a jelly
  1267 | D        | Noticed a shadow
  1281 | D        | Killed a shadow
  1281 | D        | Reached skill level 10 in Fighting
  1281 | D        | Reached XP level 8. HP: 23/57 MP: 8/8
  1285 | D        | Killed a jelly
  1537 | D        | Found a stormy altar of Qazlal.
  1538 | D        | Found a sacrificial altar of Ru.
  1538 | D        | Found a burning altar of Makhleb.
  1538 | D        | Found a viscous altar of Jiyva.
  1538 | D        | Found a shimmering altar of Xom.
  1538 | D        | Found a shadowy altar of Dithmenos.
  1538 | D        | Found a sparkling altar of Nemelex Xobeh.
  1538 | D        | Found a corrupted altar of Lugonu.
  1538 | D        | Found an opulent altar of Gozag.
  1538 | D        | Noticed a spatial vortex
  1563 | D        | Killed a spatial vortex
  1710 | D        | Noticed Josephine
  1737 | D        | Killed Josephine
  1737 | D        | Received a gift from Trog
  1737 | D        | Reached skill level 11 in Fighting
  1737 | D        | Reached skill level 10 in Maces & Flails
  1737 | D        | Reached skill level 10 in Armour
  1767 | D        | Noticed an earth elemental
  1788 | D        | Killed an earth elemental
  1788 | D        | Reached XP level 9. HP: 50/64 MP: 9/9
  1929 | D        | Noticed a centaur
  1929 | D        | Noticed a centaur warrior
  1929 | D        | Noticed a centaur
  1955 | D        | Killed a centaur warrior
  1957 | D        | Killed a centaur
  1958 | D        | Killed a centaur
  2098 | D        | Noticed a killer bee
  2098 | D        | Noticed a killer bee
  2098 | D        | Noticed a killer bee
  2098 | D        | Noticed a killer bee
  2098 | D        | Noticed a killer bee
  2098 | D        | Noticed a killer bee
  2098 | D        | Noticed a killer bee
  2098 | D        | Noticed a killer bee
  2098 | D        | Noticed a killer bee
  2098 | D        | Noticed a queen bee
  2098 | D        | Noticed a killer bee
  2098 | D        | Noticed a killer bee
  2098 | D        | Noticed a killer bee
  2098 | D        | Noticed a killer bee
  2098 | D        | Noticed a killer bee
  2098 | D        | Noticed a killer bee
  2099 | D        | Noticed a killer bee
  2099 | D        | Noticed a killer bee
  2099 | D        | Noticed a killer bee
  2100 | D        | Noticed a killer bee
  2101 | D        | Noticed a killer bee
  2102 | D        | Noticed a killer bee
  2104 | D        | Noticed a killer bee
  2105 | D        | Noticed a killer bee
  2107 | D        | Noticed a killer bee
  2110 | D        | Noticed a killer bee
  2113 | D        | Noticed a killer bee
  2114 | D        | Killed a killer bee
  2116 | D        | Noticed a killer bee
  2118 | D        | Noticed a killer bee
  2122 | D        | Killed a killer bee
  2123 | D        | Noticed a killer bee
  2132 | D        | Killed a killer bee
  2135 | D        | Killed a killer bee
  2135 | D        | Reached skill level 12 in Fighting
  2136 | D        | Noticed a killer bee
  2136 | D        | Noticed a killer bee
  2141 | D        | Killed a killer bee
  2142 | D        | Noticed a killer bee
  2147 | D        | Killed a killer bee
  2158 | D        | Killed a killer bee
  2158 | D        | Received a gift from Trog
  2165 | D        | Killed a killer bee
  2173 | D        | Killed a killer bee
  2187 | D        | Killed a killer bee
  2198 | D        | Killed a killer bee
  2205 | D        | Killed a killer bee
  2213 | D        | Killed a killer bee
  2233 | D        | Killed a killer bee
  2233 | D        | Received a gift from Trog
  2243 | D        | Killed a killer bee
  2250 | D        | Killed a killer bee
  2255 | D        | Killed a killer bee
  2260 | D        | Killed a killer bee
  2265 | D        | Killed a killer bee
  2267 | D        | Killed a killer bee
  2267 | D        | Received a gift from Trog
  2271 | D        | Killed a killer bee
  2272 | D        | Killed a killer bee
  2273 | D        | Killed a killer bee
  2273 | D        | Reached XP level 10. HP: 52/72 MP: 3/10
  2275 | D        | Killed a killer bee
  2278 | D        | Killed a killer bee
  2279 | D        | Killed a killer bee
  2284 | D        | Killed a killer bee
  2285 | D        | Killed a killer bee
  2285 | D        | Received a gift from Trog
  2291 | D        | Killed a killer bee
  2292 | D        | Killed a killer bee
  2292 | D        | Reached skill level 10 in Dodging
  2295 | D        | Killed a killer bee
  2309 | D        | Killed a killer bee
  2311 | D        | Killed a queen bee
  2432 | D        | Noticed a wandering mushroom
  2448 | D        | Killed an unseen horror
  2448 | D        | Received a gift from Trog
  2448 | D        | Reached skill level 13 in Fighting
  2745 | D        | Killed a wandering mushroom
  2746 | D        | Noticed a wandering mushroom
  2748 | D        | Noticed a wandering mushroom
  2757 | D        | Killed a wandering mushroom
  2772 | D        | Killed a wandering mushroom
  2808 | D        | Noticed a spiny frog
  2808 | D        | Noticed a komodo dragon
  2808 | D        | Noticed a spiny frog
  2816 | D        | Killed a spiny frog
  2818 | D        | Killed a spiny frog
  2819 | D        | Killed a komodo dragon
  2844 | D        | Noticed a swamp drake
  2844 | D        | Noticed a fire drake
  2847 | D        | Killed a fire drake
  2849 | D        | Killed a swamp drake
  2849 | D        | Received a gift from Trog
  3043 | D        | Killed Nessos
  3119 | D        | Noticed a blink frog
  3119 | D        | Noticed a blink frog
  3119 | D        | Noticed a blink frog
  3119 | D        | Noticed a blink frog
  3122 | D        | Noticed a blink frog
  3124 | D        | Killed a blink frog
  3134 | D        | Killed a blink frog
  3143 | D        | Killed a blink frog
  3143 | D        | Reached skill level 14 in Fighting
  3155 | D        | Killed a blink frog
  3158 | D        | Killed a blink frog
  3158 | D        | Reached XP level 11. HP: 45/80 MP: 11/11
  3316 | D        | Noticed Rupert
  3324 | D        | Noticed an azure jelly
  3324 | D        | Noticed an azure jelly
  3324 | D        | Noticed an azure jelly
  3324 | D        | Noticed an azure jelly
  3328 | D        | Killed Rupert
  3369 | D        | Noticed an elephant
  3369 | D        | Noticed an elephant
  3370 | D        | Noticed a dire elephant
  3370 | D        | Noticed a dire elephant
  3390 | D        | Noticed a redback
  3394 | D        | Noticed a brain worm
  3395 | D        | Killed a redback
  3398 | D        | Killed a brain worm
  3398 | D        | Received a gift from Trog
  3410 | D        | Killed a dire elephant
  3529 | D        | Noticed a brain worm
  3538 | D        | Killed a brain worm
  3542 | D        | Noticed a lindwurm
  3546 | D        | Killed a lindwurm
  3547 | D        | Noticed a redback
  3549 | D        | Noticed a redback
  3549 | D        | Killed a redback
  3552 | D        | Killed a redback
  3552 | D        | Reached skill level 15 in Fighting
  3737 | D        | Noticed Maud
  3754 | D        | Killed Maud
  3754 | D        | Received a gift from Trog
  3754 | D        | Reached skill level 15 in Armour
  3835 | D        | Noticed an electric eel
  3836 | D        | Noticed a four-headed hydra
  3836 | D        | Noticed a four-headed hydra
  3837 | D        | Killed an electric eel
  3846 | D        | Killed a four-headed hydra
  3854 | D        | Killed a four-headed hydra
  3871 | D        | Noticed a death drake
  3884 | D        | Killed a death drake
  3892 | D        | Noticed an anaconda
  3892 | D        | Noticed an anaconda
  3892 | D        | Noticed an anaconda
  3892 | D        | Noticed an anaconda
  3904 | D        | Killed an anaconda
  3907 | D        | Killed an anaconda
  3908 | D        | Killed an anaconda
  3908 | D        | Reached XP level 12. HP: 66/88 MP: 4/12
  3934 | D        | Received a gift from Trog
  3945 | D        | Killed an anaconda
  3945 | D        | Reached skill level 16 in Fighting
  3945 | D        | Reached skill level 15 in Maces & Flails
  4034 | D        | Noticed a black mamba
  4034 | D        | Noticed an anaconda
  4034 | D        | Noticed a black mamba
  4034 | D        | Noticed an anaconda
  4051 | D        | Killed an anaconda
  4053 | D        | Killed an anaconda
  4059 | D        | Killed a black mamba
  4068 | D        | Killed a black mamba
  4068 | D        | Received a gift from Trog
  4225 | D        | Killed a dire elephant
  4286 | D        | Noticed Sigmund
  4286 | D        | Noticed Edmund
  4308 | D        | Killed Sigmund
  4308 | D        | Reached skill level 17 in Fighting
  4318 | D        | Killed Edmund
  4350 | D        | Noticed an orc high priest
  4350 | D        | Noticed an orc high priest
  4402 | D        | Killed an orc high priest
  4404 | D        | Killed an orc high priest
  4404 | D        | Received a gift from Trog
  4424 | D        | Killed an orc high priest
  4448 | D        | Killed an orc high priest
  4527 | D        | Found Daoskea's Jewellery Boutique.
  4529 | D        | Noticed an orc wizard
  4529 | D        | Noticed an orc priest
  4529 | D        | Noticed an orc warrior
  4530 | D        | Noticed an orc wizard
  4534 | D        | Noticed an orc wizard
  4536 | D        | Noticed an orc wizard
  4541 | D        | Noticed an orc priest
  4542 | D        | Killed an orc wizard
  4546 | D        | Noticed an orc warrior
  4548 | D        | Killed an orc warrior
  4551 | D        | Noticed an orc wizard
  4552 | D        | Killed an orc wizard
  4552 | D        | Received a gift from Trog
  4556 | D        | Noticed an orc warrior
  4558 | D        | Killed an orc wizard
  4564 | D        | Killed an orc wizard
  4566 | D        | Killed an orc wizard
  4570 | D        | Killed an orc priest
  4574 | D        | Killed an orc warrior
  4579 | D        | Killed an orc warrior
  4582 | D        | Killed an orc priest
  4584 | D        | Received a gift from Trog
  4624 | D        | Bought the ring of Ediurib {SustAt rF+ rC+} for 423 gold pieces
  4652 | D        | Noticed a deep elf summoner
  4652 | D        | Noticed a deep elf conjurer
  4652 | D        | Noticed a deep elf conjurer
  4652 | D        | Noticed a deep elf conjurer
  4652 | D        | Noticed a deep elf priest
  4668 | D        | Killed a deep elf conjurer
  4674 | D        | Killed a deep elf conjurer
  4676 | D        | Killed a deep elf conjurer
  4676 | D        | Received a gift from Trog
  4681 | D        | Killed a deep elf priest
  4702 | D        | Killed a deep elf summoner
  4702 | D        | Reached XP level 13. HP: 69/97 MP: 4/13
  4720 | D        | Noticed a deep elf annihilator
  4801 | D        | Noticed an orange crystal statue
  4805 | D        | Noticed a spriggan defender
  4806 | D        | Noticed a spriggan defender
  4806 | D        | Noticed a spriggan defender
  4808 | D        | Noticed a spriggan defender
  4809 | D        | Killed a spriggan defender
  4823 | D        | Killed a spriggan defender
  4830 | D        | Killed a spriggan defender
  4838 | D        | Killed a spriggan defender
  4911 | D        | Noticed a slime creature
  4922 | D        | Killed a slime creature
  4922 | D        | Received a gift from Trog
  4959 | D        | Killed an orange crystal statue
  5029 | D        | Killed an elephant
  5029 | D        | Reached skill level 18 in Fighting
  5051 | D        | Killed an elephant
  5086 | D        | Noticed Gastronok
  5100 | D        | Killed Gastronok
  5114 | D        | Noticed a death yak
  5115 | D        | Noticed a death yak
  5115 | D        | Noticed a blink frog
  5117 | D        | Noticed a death yak
  5117 | D        | Noticed a blink frog
  5123 | D        | Noticed a blink frog
  5124 | D        | Noticed a death yak
  5125 | D        | Killed a death yak
  5125 | D        | Received a gift from Trog
  5131 | D        | Killed a death yak
  5136 | D        | Noticed a black mamba
  5143 | D        | Noticed a black mamba
  5144 | D        | Killed a death yak
  5149 | D        | Killed a death yak
  5152 | D        | Killed a black mamba
  5155 | D        | Killed a blink frog
  5162 | D        | Killed a blink frog
  5176 | D        | Killed a black mamba
  5176 | D        | Reached skill level 15 in Dodging
  5180 | D        | Killed a blink frog
  5180 | D        | Received a gift from Trog
  5215 | D        | Noticed Polyphemus
  5248 | D        | Killed Polyphemus
  5248 | D        | Reached skill level 19 in Fighting
  5353 | D        | Noticed Ilsuiw
  5417 | D        | Killed Ilsuiw
  5503 | D        | Noticed a water moccasin
  5503 | D        | Noticed an anaconda
  5503 | D        | Noticed an anaconda
  5503 | D        | Noticed an anaconda
  5503 | D        | Noticed an anaconda
  5518 | D        | Killed an anaconda
  5518 | D        | Received a gift from Trog
  5519 | D        | Killed a water moccasin
  5527 | D        | Killed an anaconda
  5527 | D        | Killed an anaconda
  5529 | D        | Killed an anaconda
  5725 | D        | Noticed a naga
  5725 | D        | Noticed a naga
  5726 | D        | Noticed a naga warrior
  5726 | D        | Noticed a greater naga
  5752 | D        | Killed a naga
  5754 | D        | Killed a greater naga
  5754 | D        | Received a gift from Trog
  5756 | D        | Killed a naga
  5878 | D        | Killed a naga warrior
  5970 | D        | Found Ihuh's Antique Armour Shop.
  5970 | D        | Found Nuklatack's Magic Scroll Shoppe.
  5974 | D        | Found Ekkep's Jewellery Boutique.
  5978 | D        | Bought a pair of gloves for 103 gold pieces
  5989 | D        | Noticed a guardian serpent
  6000 | D        | Killed a guardian serpent
  6005 | D        | Got a serpentine rune of Zot
  6143 | D        | Found Wuthrouwk's Food Shoppe.
  6143 | D        | Noticed a sea snake
  6152 | D        | Killed a sea snake
  6152 | D        | Received a gift from Trog
  6152 | D        | Reached skill level 20 in Fighting
  6160 | D        | Found Bacleev's Book Boutique.
  6161 | D        | Found Podojydd's Antique Weapon Emporium.
  6162 | D        | Noticed a merfolk javelineer
  6196 | D        | Killed a merfolk javelineer
  6196 | D        | Gained mutation: Your large and strong wings let you fly indefinitely. [Gargoyle growth]
  6196 | D        | Reached XP level 14. HP: 58/108 MP: 4/14
  6250 | D        | Bought a crude dire flail for 261 gold pieces
  6250 | D        | Identified the +4 dire flail of Vatak {pain, rElec MP+9 Str-4 Int+2} (You bought it in a shop in the Dungeon)
  6298 | D        | Got a barnacled rune of Zot
  6400 | D        | Noticed a fire dragon simulacrum
  6400 | D        | Noticed a fire dragon simulacrum
  6401 | D        | Noticed a black mamba simulacrum
  6435 | D        | Killed a fire dragon simulacrum
  6455 | D        | Noticed a black mamba simulacrum
  6458 | D        | Killed a black mamba simulacrum
  6489 | D        | Killed a black mamba simulacrum
  6494 | D        | Killed a fire dragon simulacrum
  6734 | D        | Found a blossoming altar of Fedhas.
  6734 | D        | Noticed a spriggan
  6734 | D        | Noticed a spriggan druid
  6734 | D        | Noticed a spriggan
  6741 | D        | Killed a spriggan druid
  6744 | D        | Killed a spriggan
  6747 | D        | Killed a spriggan
  6747 | D        | Received a gift from Trog
  6817 | D        | Noticed a yaktaur
  6817 | D        | Noticed a yaktaur
  6817 | D        | Noticed a yaktaur
  6866 | D        | Killed a yaktaur
  6872 | D        | Killed a yaktaur
  6873 | D        | Noticed a yaktaur captain
  6879 | D        | Killed a yaktaur
  7013 | D        | Killed a yaktaur captain
  7055 | D        | Noticed Azrael
  7063 | D        | Killed Azrael
  7196 | D        | Noticed a skeletal warrior
  7209 | D        | Killed a skeletal warrior
  7243 | D        | Noticed a crystal guardian
  7243 | D        | Noticed a crystal guardian
  7243 | D        | Noticed a crystal guardian
  7266 | D        | Killed a crystal guardian
  7275 | D        | Killed a crystal guardian
  7328 | D        | Killed a crystal guardian
  7404 | D        | Noticed a hill giant
  7405 | D        | a hill giant changed into a satyr
  7446 | D        | Noticed a centaur warrior
  7457 | D        | Killed a centaur warrior
  7473 | D        | Noticed a fire dragon
  7482 | D        | Killed a fire dragon
  7482 | D        | Reached skill level 21 in Fighting
  7561 | D        | Noticed a battleaxe of electrocution
  7561 | D        | Noticed a short sword of holy wrath
  7561 | D        | Noticed a short sword of protection
  7571 | D        | Killed a short sword of holy wrath
  7578 | D        | Killed a short sword of protection
  7580 | D        | Noticed a mace of draining
  7587 | D        | Killed a battleaxe of electrocution
  7594 | D        | Killed a mace of draining
  7620 | D        | Noticed a cyan ugly thing
  7626 | D        | Killed a cyan ugly thing
  7644 | D        | Noticed a yaktaur captain
  7644 | D        | Noticed a manticore
  7644 | D        | Noticed a brown ugly thing
  7660 | D        | Killed a brown ugly thing
  7660 | D        | Received a gift from Trog
  7703 | D        | Killed a yaktaur captain
  8031 | D        | Noticed a crystal guardian
  8040 | D        | Killed a crystal guardian
  8043 | D        | Noticed a fire elementalist statue
  8043 | D        | Noticed a water elementalist statue
  8043 | D        | Noticed an earth elementalist statue
  8043 | D        | Noticed an air elementalist statue
  8068 | D        | Found Hogiu's Distillery.
  8068 | D        | Found Jug Omyf's Jewellery Shop.
  8068 | D        | Found Taekhuhe's Antique Weapon Boutique.
  8068 | D        | Found Gasew's Food Shoppe.
  8068 | D        | Found Fuemipiga's Book Boutique.
  8068 | D        | Found Voriuc's Gadget Emporium.
  8068 | D        | Found Lonuffuf's Magic Scroll Shoppe.
  8068 | D        | Found Fymaer's Food Shop.
  8068 | D        | Found Elustryhu's Antique Weapon Shop.
  8068 | D        | Found Teza's Book Emporium.
  8068 | D        | Found Pasa's Distillery.
  8068 | D        | Found Dyen Taff's Antique Armour Boutique.
  8112 | D        | Bought a potion of heal wounds for 60 gold pieces
  8179 | D        | Noticed Chuck
  8201 | D        | Killed Chuck
  8233 | D        | Noticed a merfolk
  8234 | D        | Noticed a slime creature
  8234 | D        | Noticed a cyan ugly thing
  8234 | D        | Noticed Norris
  8400 | D        | Noticed a fire giant
  8419 | D        | Killed Norris
  8419 | D        | Received a gift from Trog
  8419 | D        | Reached skill level 22 in Fighting
  8821 | D        | Killed a cyan ugly thing
  8866 | D        | Noticed a green ugly thing
  8874 | D        | Killed a green ugly thing
  8880 | D        | Noticed a shining eye
  8886 | D        | Killed a shining eye
  8891 | D        | Noticed a lich
  8897 | D        | Killed a lich
  8967 | D        | Noticed a shadow dragon
  8967 | D        | Noticed an ogre mage
  8967 | D        | Noticed a shadow dragon
  8976 | D        | Killed an ogre mage
  8976 | D        | Received a gift from Trog
  9016 | D        | Killed a shadow dragon
  9016 | D        | Reached XP level 15. HP: 71/118 MP: 5/15
  9023 | D        | Killed a shadow dragon
  9227 | D        | Noticed an obsidian statue
  9228 | D        | Noticed a purple ugly thing
  9241 | D        | Killed a purple ugly thing
  9254 | D        | Killed an obsidian statue
  9260 | D        | Noticed a golden dragon
  9260 | D        | Noticed a vault guard
  9260 | D        | Noticed a vault guard
  9261 | D        | Noticed a vault guard
  9261 | D        | Noticed a fire giant
  9261 | D        | Noticed a vault guard
  9261 | D        | Noticed a purple ugly thing
  9261 | D        | Noticed a golden dragon
  9261 | D        | Noticed a vault guard
  9261 | D        | Noticed a vault guard
  9261 | D        | Noticed a slime creature
  9261 | D        | Noticed a skeletal warrior
  9261 | D        | Noticed a stone giant
  9261 | D        | Noticed a vault guard
  9261 | D        | Noticed a vault guard
  9261 | D        | Noticed a skeletal warrior
  9261 | D        | Noticed a frost giant
  9261 | D        | Noticed a vault guard
  9261 | D        | Noticed a vault guard
  9261 | D        | Noticed a frost giant
  9261 | D        | Noticed a vault guard
  9261 | D        | Noticed a vault guard
  9261 | D        | Noticed a titan
  9261 | D        | Noticed a vault guard
  9261 | D        | Noticed a vault guard
  9261 | D        | Noticed a shadow dragon
  9261 | D        | Noticed a vault guard
  9261 | D        | Noticed a vault guard
  9261 | D        | Noticed a brown ugly thing
  9262 | D        | Noticed a centaur warrior
  9287 | D        | Killed a purple ugly thing
  9442 | D        | Noticed a necromancer
  9447 | D        | Killed a necromancer
  9453 | D        | Noticed a vampire knight
  9463 | D        | Killed a vampire knight
  9463 | D        | Received a gift from Trog
  9467 | D        | Noticed a guardian mummy
  9471 | D        | Killed a guardian mummy
  9471 | D        | Reached skill level 23 in Fighting
  9561 | D        | Noticed a necromancer
  9564 | D        | Killed a necromancer
  9571 | D        | Noticed a necromancer
  9577 | D        | Killed a necromancer
  9583 | D        | Noticed a guardian mummy
  9585 | D        | Killed a guardian mummy
  9602 | D        | Noticed a bone dragon
  9630 | D        | Killed a bone dragon
  9642 | D        | Noticed a bone dragon
  9673 | D        | Killed a bone dragon
  9721 | D        | Noticed a bone dragon
  9756 | D        | Killed a bone dragon
  9827 | D        | Noticed a guardian mummy
  9831 | D        | Killed a guardian mummy
  9838 | D        | Noticed a bone dragon
  9865 | D        | Killed a bone dragon
  9865 | D        | Reached skill level 24 in Fighting
  9878 | D        | Noticed a bone dragon
  9911 | D        | Killed a bone dragon
 10033 | D        | Killed a vault guard
 10046 | D        | Noticed a bone dragon
 10064 | D        | Killed a bone dragon
 10158 | D        | Noticed a guardian mummy
 10160 | D        | Killed a guardian mummy
 10174 | D        | Killed a vault guard
 10236 | D        | Noticed a guardian mummy
 10239 | D        | Killed a guardian mummy
 10292 | D        | Noticed a vampire knight
 10300 | D        | Killed a vampire knight
 10300 | D        | Received a gift from Trog
 10349 | D        | Killed a vault guard
 10407 | D        | Killed a shadow dragon
 10426 | D        | Killed a vault guard
 10441 | D        | Killed a vault guard
 10505 | D        | Killed a vault guard
 10505 | D        | Reached skill level 25 in Fighting
 10542 | D        | Killed a frost giant
 10542 | D        | Reached XP level 16. HP: 87/129 MP: 5/16
 10550 | D        | Killed a vault guard
 10561 | D        | Killed a vault guard
 10561 | D        | Received a gift from Trog
 10610 | D        | Killed a centaur warrior
 10651 | D        | Killed a fire giant
 10670 | D        | Killed a golden dragon
 10680 | D        | Killed a vault guard
 10708 | D        | Killed a vault guard
 10708 | D        | Received a gift from Trog
 10717 | D        | Killed a vault guard
 10846 | D        | Killed a vault guard
 10876 | D        | Killed a titan
 10885 | D        | Killed a skeletal warrior
 10896 | D        | Killed a frost giant
 10896 | D        | Received a gift from Trog
 10896 | D        | Reached skill level 26 in Fighting
 10936 | D        | Killed a skeletal warrior
 10979 | D        | Killed a vault guard
 10988 | D        | Killed a slime creature
 11006 | D        | Killed a brown ugly thing
 11025 | D        | Killed a golden dragon
 11045 | D        | Killed a vault guard
 11045 | D        | Received a gift from Trog
 11056 | D        | Killed a stone giant
 11075 | D        | Killed a vault guard
 11093 | D        | Identified a +0 pair of boots of running (You found it in the Dungeon)
 11102 | D        | Identified the Volume of Conjuration
 11110 | D        | Received a gift from Trog
 11114 | D        | Got a silver rune of Zot
 11291 | D        | Killed a water elementalist statue
 11352 | D        | Killed a fire elementalist statue
 11359 | D        | Killed an air elementalist statue
 11374 | D        | Killed an earth elementalist statue
 11381 | D        | Killed a shadow wraith
 11382 | D        | Noticed a mummy priest
 11383 | D        | Noticed a skeletal warrior
 11398 | D        | Noticed a skeletal warrior
 11401 | D        | Noticed a wasp
 11406 | D        | Noticed a ball lightning
 11409 | D        | Killed a ball lightning
 11409 | D        | Killed a wasp
 11409 | D        | Killed a ball lightning
 11409 | D        | Killed a ball lightning
 11409 | D        | Killed a ball lightning
 11411 | D        | Noticed a molten gargoyle
 11413 | D        | Noticed a titan zombie
 11417 | D        | Noticed a vampire knight
 11419 | D        | Noticed Mara
 11423 | D        | Noticed an anaconda zombie
 11457 | D        | Killed an anaconda zombie
 11459 | D        | Killed a vampire knight
 11464 | D        | Killed a molten gargoyle
 11522 | D        | Killed Mara
 11522 | D        | Reached skill level 27 in Fighting
 11522 | D        | Reached skill level 27 in Armour
 11534 | D        | Killed a skeletal warrior
 11537 | D        | Noticed a wasp
 11542 | D        | Killed a titan zombie
 11548 | D        | Killed a wasp
 11554 | D        | Noticed a titan zombie
 11555 | D        | Noticed a golden dragon zombie
 11577 | D        | Killed a titan zombie
 11586 | D        | Killed a golden dragon zombie
 11625 | D        | Noticed Boris
 11667 | D        | Killed Boris
 11672 | D        | Noticed a stone giant skeleton
 11712 | D        | Noticed Mennas
 11775 | D        | Killed Mennas
 11775 | D        | Reached XP level 17. HP: 95/139 MP: 3/17
 11825 | D        | Killed a stone giant skeleton
 11867 | D        | Noticed a pristine statue
 11867 | D        | Noticed a pristine statue
 11867 | D        | Noticed an eight-headed hydra simulacrum
 11872 | D        | Killed an eight-headed hydra simulacrum
 11884 | D        | Noticed a hornet
 11900 | D        | Killed a hornet
 11900 | D        | Received a gift from Trog
 11911 | D        | Noticed a pristine statue
 11911 | D        | Noticed a pristine statue
 11918 | D        | Killed a pristine statue
 11929 | D        | Killed a pristine statue
 11945 | D        | Killed a pristine statue
 11961 | D        | Killed a pristine statue
 12012 | D        | Noticed Roxanne
 12027 | D        | Killed Roxanne
 12028 | D        | Noticed an oklob plant
 12028 | D        | Noticed an oklob plant
 12053 | D        | Found Xiviupheobe's Food Emporium.
 12053 | D        | Found Degewnom's Gadget Shop.
 12053 | D        | Found Rostruge's Armour Shop.
 12053 | D        | Found Iluvurph's Gadget Shoppe.
 12114 | D        | Killed a vault guard
 12130 | D        | Killed a mummy priest
 12225 | D        | Noticed a vampire knight
 12238 | D        | Killed a vampire knight
 12242 | D        | Noticed a titan zombie
 12256 | D        | Killed a titan zombie
 12286 | D        | Noticed an electric eel
 12287 | D        | Noticed an electric eel
 12288 | D        | Noticed an electric eel
 12288 | D        | Noticed a storm dragon
 12288 | D        | Noticed a slime creature
 12305 | D        | Killed a storm dragon
 12309 | D        | Noticed Nikola
 12309 | D        | Killed a slime creature
 12309 | D        | Received a gift from Trog
 12327 | D        | Noticed a slime creature
 12329 | D        | Noticed a slime creature
 12329 | D        | Killed a slime creature
 12330 | D        | Noticed a slime creature
 12330 | D        | Noticed a slime creature
 12334 | D        | Killed a slime creature
 12341 | D        | Killed a slime creature
 12344 | D        | Killed a slime creature
 12371 | D        | Killed Nikola
 12371 | D        | Received a gift from Trog
 12454 | D        | Killed an electric eel
 12459 | D        | Killed an electric eel
 12460 | D        | Killed an electric eel
 12672 | D        | Killed an oklob plant
 12887 | D        | Noticed an iron troll simulacrum
 12891 | D        | Killed an oklob plant
 12893 | D        | Noticed a deep elf blademaster
 12897 | D        | Noticed a sun demon
 12900 | D        | Noticed a hell beast
 12907 | D        | Killed an iron troll simulacrum
 12919 | D        | Killed a deep elf blademaster
 12923 | D        | Noticed an ice devil
 12927 | D        | Noticed a soul eater
 12928 | D        | Killed a sun demon
 12940 | D        | Killed an ice devil
 12940 | D        | Received a gift from Trog
 12949 | D        | Killed a soul eater
 12961 | D        | Killed a hell beast
 12963 | D        | Noticed a hell beast
 12963 | D        | Noticed a sun demon
 12965 | D        | Noticed an ice devil
 12966 | D        | Noticed a soul eater
 12983 | D        | Killed an ice devil
 12992 | D        | Killed a sun demon
 13002 | D        | Killed a soul eater
 13006 | D        | Killed a hell beast
 13013 | D        | Killed a skeletal warrior
 13026 | D        | Bought a wand of digging (9) for 286 gold pieces
 13103 | D        | Noticed Nellie
 13138 | D        | Killed Nellie
 13138 | D        | Received a gift from Trog
 13170 | D        | Got a demonic rune of Zot
 13372 | D        | Noticed a deep elf high priest
 13374 | D        | Killed a deep elf high priest
 13380 | D        | Got a slimy granite ring
 13381 | D        | Identified the ring "Hoequ" {*Corrode +Fly rN+ Str+2 Dex+4} (You took it off a deep elf high priest in the Dungeon)
 13425 | D        | Noticed a deep elf annihilator
 13426 | D        | Noticed a deep elf demonologist
 13427 | D        | Noticed a deep elf annihilator
 13432 | D        | Noticed a deep elf high priest
 13436 | D        | Noticed a deep elf blademaster
 13445 | D        | Killed a deep elf high priest
 13466 | D        | Killed a deep elf demonologist
 13472 | D        | Killed a deep elf annihilator
 13472 | D        | Received a gift from Trog
 13485 | D        | Killed a deep elf annihilator
 13494 | D        | Killed a deep elf annihilator
 13504 | D        | Killed a deep elf blademaster
 13663 | D        | Got an iridescent blowgun
 13666 | D        | Identified the +2 blowgun of Tenacity {speed, +Inv rPois MP-9 Dex-4} (You found it in the Dungeon)
 13805 | D        | Bought a jewelled large shield for 190 gold pieces
 13812 | D        | Identified the cursed +0 large shield "Xolutec" {-Tele rF+++ Int+4} (You bought it in a shop in the Dungeon)
 13971 | D        | Bought a scroll of enchant weapon for 97 gold pieces
 13971 | D        | Bought a scroll of magic mapping for 45 gold pieces
 13971 | D        | Bought 2 scrolls of identify for 52 gold pieces
 13971 | D        | Bought a scroll of remove curse for 39 gold pieces
 14113 | D        | Noticed a guardian mummy
 14113 | D        | Noticed a guardian mummy
 14114 | D        | Noticed a sphinx
 14114 | D        | Noticed a sphinx
 14122 | D        | Killed a guardian mummy
 14122 | D        | Reached skill level 1 in Shields
 14127 | D        | Killed a guardian mummy
 14138 | D        | Killed a sphinx
 14138 | D        | Received a gift from Trog
 14139 | D        | Noticed a guardian mummy
 14145 | D        | Killed a sphinx
 14149 | D        | Killed a guardian mummy
 14275 | D        | Noticed a mummy priest
 14283 | D        | Noticed a mummy priest
 14283 | D        | Noticed a guardian mummy
 14283 | D        | Noticed a guardian mummy
 14283 | D        | Noticed a mummy priest
 14287 | D        | Killed a mummy priest
 14304 | D        | Killed a guardian mummy
 14310 | D        | Paralysed by the power of Zot for 3 turns
 14318 | D        | Killed a mummy priest
 14332 | D        | Killed a mummy priest
 14343 | D        | Killed a guardian mummy
 14525 | D        | Noticed a guardian mummy
 14529 | D        | Killed a guardian mummy
 14530 | D        | Noticed a guardian mummy
 14537 | D        | Killed a guardian mummy
 14539 | D        | Noticed a guardian mummy
 14545 | D        | Killed a guardian mummy
 14561 | D        | Noticed a guardian mummy
 14566 | D        | Killed a guardian mummy
 14592 | D        | Noticed a guardian mummy
 14592 | D        | Noticed a guardian mummy
 14592 | D        | Noticed a mummy priest
 14592 | D        | Noticed a guardian mummy
 14592 | D        | Noticed a guardian mummy
 14592 | D        | Noticed a mummy priest
 14592 | D        | Noticed a greater mummy
 14592 | D        | Noticed a guardian mummy
 14592 | D        | Noticed a guardian mummy
 14592 | D        | Noticed a mummy priest
 14592 | D        | Noticed a greater mummy
 14592 | D        | Noticed a guardian mummy
 14592 | D        | Noticed a guardian mummy
 14592 | D        | Noticed a mummy priest
 14599 | D        | Killed a guardian mummy
 14599 | D        | Reached skill level 15 in Shields
 14604 | D        | Killed a guardian mummy
 14618 | D        | Killed a guardian mummy
 14652 | D        | Killed a guardian mummy
 14652 | D        | Killed a guardian mummy
 14674 | D        | Killed a greater mummy
 14686 | D        | Lost mutation: You are somewhat resistant to further mutation. [the power of Zot]
 14690 | D        | Killed a guardian mummy
 14693 | D        | Killed a guardian mummy
 14701 | D        | Killed a mummy priest
 14854 | D        | Killed a mummy priest
 14857 | D        | Killed a mummy priest
 14857 | D        | Reached XP level 18. HP: 130/145 MP: 4/18
 14869 | D        | Killed a guardian mummy
 14900 | D        | Killed a greater mummy
 14903 | D        | Killed a mummy priest
 14951 | D        | Got a golden rune of Zot
 14971 | D        | Received a gift from Trog
 15065 | D        | Identified a +2 pair of boots of running (You acquired it in the Dungeon)
 15345 | D        | Found Lufi's Armour Boutique.
 15346 | D        | Noticed a deep elf knight
 15352 | D        | Killed a deep elf knight
 15353 | D        | Noticed a vault guard
 15354 | D        | Noticed a green draconian knight
 15355 | D        | Noticed a vault guard
 15356 | D        | Noticed a green draconian knight
 15358 | D        | Killed a vault guard
 15364 | D        | Killed a vault guard
 15373 | D        | Killed a green draconian knight
 15373 | D        | Received a gift from Trog
 15380 | D        | Killed a green draconian knight
 15447 | D        | Noticed an Executioner
 15451 | D        | Noticed a yellow draconian
 15453 | D        | Killed an Executioner
 15466 | D        | Killed a yellow draconian
 15522 | D        | Noticed a golden eye
 15522 | D        | Noticed a shining eye
 15522 | D        | Noticed a giant orange brain
 15525 | D        | Killed a golden eye
 15532 | D        | Killed a shining eye
 15539 | D        | Killed a giant orange brain
 15539 | D        | Received a gift from Trog
 15769 | D        | Bought an uncursed amulet of resist corrosion for 280 gold pieces
 15773 | D        | Bought an uncursed amulet of resist mutation for 560 gold pieces
 15880 | D        | Killed an azure jelly
 15886 | D        | Killed an azure jelly
 15892 | D        | Killed an azure jelly
 15899 | D        | Killed an azure jelly
 15923 | D        | Noticed an acid blob
 15923 | D        | Noticed a shining eye
 15923 | D        | Noticed a shining eye
 15935 | D        | Killed an acid blob
 15945 | D        | Killed a shining eye
 15945 | D        | Received a gift from Trog
 16169 | D        | Killed a shining eye
 16265 | D        | Noticed an acid blob
 16265 | D        | Noticed a shining eye
 16265 | D        | Noticed a shining eye
 16267 | D        | HP: 6/145 [acid (34)]
 16269 | D        | Splashed with acid

Vault maps used:
D:        dungeon_sprint_mu

Action                   |  1- 3 |  4- 6 |  7- 9 | 10-12 | 13-15 | 16-18 || total
-------------------------+-------+-------+-------+-------+-------+-------++-------
Melee: Mace              |    35 |    36 |   248 |       |       |       ||   319
       Great mace        |       |       |     4 |    97 |       |       ||   101
       Morningstar       |       |       |       |     5 |       |     9 ||    14
       Dire flail        |       |       |       |   243 |   909 |   897 ||  2049
       Demon whip        |       |       |       |       |       |    85 ||    85
       Eveningstar       |       |       |       |       |       |   100 ||   100
Throw: Tomahawk          |       |       |       |     5 |       |       ||     5
       Throwing net      |       |       |       |       |       |     1 ||     1
Invok: Berserk           |     2 |     3 |     3 |     5 |     1 |       ||    14
       Trog's Hand       |       |     1 |     7 |    15 |    14 |    14 ||    51
       Burn Spellbooks   |       |     1 |       |       |       |     3 ||     4
       Brothers in Arms  |       |       |     1 |     7 |     4 |     1 ||    13
 Abil: Fly               |       |       |       |       |     1 |     1 ||     2
       Stop Flying       |       |       |       |       |       |     1 ||     1
Evoke: Wand              |       |       |       |       |       |     2 ||     2
  Use: Scroll            |       |     5 |       |       |     9 |    14 ||    28
       Potion            |       |     2 |     1 |     1 |     1 |       ||     5
 Stab: Confused          |       |       |       |     1 |       |       ||     1
       Distracted        |       |       |       |       |     1 |     2 ||     3
       Held in net/web   |       |       |       |       |     4 |     5 ||     9
  Eat: Chunk             |       |     1 |     3 |     8 |     6 |     1 ||    19
       Meat ration       |       |     1 |       |       |     2 |     3 ||     6
       Royal jelly       |       |       |     1 |     4 |     5 |     3 ||    13
       Bread ration      |       |       |     1 |       |       |       ||     1
